 Dungeon Crawl Stone Soup version 0.20.1-1-g8b1a95d (webtiles) character file.

86 veneficus the Sneak (level 4, -3/21 HPs)
             Began as a Spriggan Enchanter on Nov 3, 2017.
             Slain by an adder (4 damage)
             ... on level 2 of the Dungeon.
             The game lasted 00:04:33 (2237 turns).

veneficus the Sneak (Spriggan Enchanter)            Turns: 2237, Time: 00:04:34

Health: -3/21      AC:  2    Str:  4    XL:     4   Next: 26%
Magic:  7/9        EV: 18    Int: 19    God:
Gold:   98         SH:  0    Dex: 16    Spells: 5/8 levels left

rFire    . . .     SeeInvis +   a - +1 dagger
rCold    . . .     Gourm    .   (shield restricted)
rNeg     . . .     Faith    .   b - +0 robe
rPois    .         Spirit   .   (helmet restricted)
rElec    .         Reflect  .   (no cloak)
rCorr    .         Harm     .   (gloves unavailable)
MR       .....                  (boots unavailable)
Stlth    +++.......             (no amulet)
Regen    0.1/turn               (no ring)
MPRegen  0.2/turn               (no ring)

@: lethally poisoned (-3 -> -10), very quick
A: unfitting armour, see invisible, blink, clever 1, herbivore 3, speed 3, slow
metabolism 2
a: Blink


You were on level 2 of the Dungeon.
You were not hungry.

You visited 1 branch of the dungeon, and saw 3 of its levels.

You collected 98 gold pieces.

Inventory:

Hand Weapons
 a - a +1 dagger (weapon)
Missiles
 k - 21 poisoned needles
Armour
 b - a +0 robe (worn)
Scrolls
 g - 2 scrolls of identify {unknown}
 h - 2 scrolls of teleportation {unknown}
 j - a scroll of remove curse {unknown}
 l - a scroll of magic mapping {unknown}
 m - a scroll of noise {unknown}
Potions
 e - a potion of agility {unknown}
 i - a potion of mutation
Books
 c - a book of Maledictions

   Spells                             Type                      Level
   a - Corona                         Hexes                        1
   b - Ensorcelled Hibernation        Hexes/Ice                    2
   c - Confuse                        Hexes                        3
   d - Tukima's Dance                 Hexes                        3
   e - Dazzling Spray                 Conjuration/Hexes            3
Comestibles
 d - 3 bread rations
 f - a royal jelly


   Skills:
 - Level 1.1 Short Blades
 - Level 3.0 Dodging
 + Level 6.0 Stealth
 - Level 2.6 Spellcasting
 + Level 5.3 Hexes


You had 5 spell levels left.
You knew the following spells:

 Your Spells              Type           Power        Failure   Level  Hunger
a - Corona                Hex            ###....      1%          1    None
z - Ensorcelled Hibernat  Hex/Ice        ##....       8%          2    ##.....


Dungeon Overview and Level Annotations

Branches:
Dungeon (3/15)

Altars:


Innate Abilities, Weirdness & Mutations

You are very small and have problems with some larger weapons.
You are too small for most types of armour.
You have supernaturally acute eyesight. (SInv)
You are a herbivore.
You cover ground extremely quickly.
You need consume almost no food.
You can translocate small distances at will.
Your mind is acute. (Int +2)


Message History

You are more poisoned.
The adder poisons you!
You take 4 damage, and have 13/21 hp.
You now have 7/9 mp.
Spoiler Alert: The adder is fast and can poison!
You feel sick.
There is a stone staircase leading up here.
You take 1 damage, and have 12/21 hp.
The adder bites you. The orc hits you with a war axe!
* * * LOW HITPOINT WARNING * * *
You climb upwards.
* * * LOW HITPOINT WARNING * * *
You feel sick.
There is a stone staircase leading down here.
You take 10 damage, and have 2/21 hp.
MASSIVE DAMAGE!!
Spoiler Alert: The adder is fast and can poison!
It was a potion of mutation.
You feel extremely strange.
You feel jittery.
You feel clever.
* * * LOW HITPOINT WARNING * * *
You feel sick. The adder bites you.
You die...

### ##.## ##.#.## ###
#####.###.## ##.##
####....## ##.##
##...#######.##.#.## ##.#
#............##....##
##.##
##...########o†####.###.##
##.## ###@S#####.#.#######
#.# #..##..# ##.........
#.# ##.##.## ###########
#.# ###### #.......... #.#
#.####.#### #.# #.# #.#
#.# #.# #.# #†# #####.##
#.# #.##########
#......###.#


You could see an adder and an orc.

Vanquished Creatures
  4 adders (D:2)
  A worm (D:2)
  3 dart slugs (D:2)
  3 leopard geckos
  A ball python (D:2)
  A giant cockroach (D:2)
  5 hobgoblins
  2 jackals (D:2)
  8 kobolds
  3 bats
  2 frilled lizards
  6 rats
39 creatures vanquished.

Vanquished Creatures (others)
  5 toadstools (D:1)
5 creatures vanquished.

Grand Total: 44 creatures vanquished

Notes
Turn   | Place    | Note
-------+----------+-------------------------------------------
     0 | D:1      | veneficus the Spriggan Enchanter began the quest for the Orb.
     0 | D:1      | Reached XP level 1. HP: 9/9 MP: 5/5
   796 | D:1      | Reached XP level 2. HP: 11/13 MP: 6/6
   802 | D:1      | Learned a level 2 spell: Ensorcelled Hibernation
  1060 | D:2      | Reached skill level 5 in Stealth
  1069 | D:2      | Reached XP level 3. HP: 14/16 MP: 0/8
  1325 | D:2      | Reached skill level 5 in Hexes
  1572 | D:2      | Reached XP level 4. HP: 16/21 MP: 6/9
  1851 | D:2      | Reached skill level 6 in Stealth
  2237 | D:2      | Gained mutation: You can translocate small distances at will. [potion of mutation]
  2237 | D:2      | Gained mutation: Your mind is acute. (Int +2) [potion of mutation]
  2237 | D:2      | HP: 1/21 [poisoned by an adder]
  2237 | D:2      | Slain by an adder

Skill      XL: |  1  2  3  4 |
---------------+-------------+-----
Hexes          | 4 5 |  5.3
Stealth        | 5 6 |  6.0
Short Blades   | |  1.1
Dodging        | |  3.0
Spellcasting   | |  2.6

Action                   |  1- 3 |  4- 6 || total
-------------------------+-------+-------++-------
Melee: Dagger            |    99 |    23 ||   122
 Cast: Ensorcelled Hiber |    14 |     6 ||    20
  Use: Potion            |       |     1 ||     1
 Stab: Sleeping          |    16 |     7 ||    23
       Distracted        |     1 |       ||     1
Armor: Robe              |    14 |     2 ||    16
Dodge: Dodged            |    80 |    14 ||    94
